[Event "*** SCC Grand Prix: Titled Tuesday Blitz"]
[Site "Chess.com"]
[Date "2020.09.08"]
[Round "6"]
[White "romulocardoso"]
[Black "nitpicker"]
[Result "1-0"]
[WhiteElo "2042"]
[BlackElo "2214"]
[TimeControl "180+1"]
[EndTime "11:06:46 PDT"]
[Termination "romulocardoso won by resignation"]

1. e4 c5 2. Nf3 Nc6 3. d4 cxd4 4. Nxd4 Nf6 5. Nc3 d6 6. Be3 e5 7. Nb3 h6 8. Qd2 Be7 9. f3 Be6 10. O-O-O a5 11. Bb5 O-O 12. g4 Nh7 13. h4 Bxh4 14.
Qxd6 Bg5 15. Qxd8 Bxe3+ 16. Qd2 Bxd2+ 17. Rxd2 Ng5 18. Rf1 Rfd8 19. Bxc6 bxc6 20. Nc5 Bc4 21. Rff2 Nh3 22. Rxd8+ Rxd8 23. Rd2 Rxd2 24. Kxd2 g6 25. Nb7 h5 26. Nxa5 Bf1 27. Nxc6 f6 28.
Nd5 Kf7 29. Nd8+ Kg7 30. Ne6+ Kf7 31. Nd8+ Kg7 32. gxh5 gxh5 33. Ne7 Nf4 34. Nf5+ Kf8 35. Nc6 Ng6 36. a4 h4 37. b4 h3 38. b5 h2 39. Ng3 Bg2 40. b6 Bxf3 41. b7 Bxe4 42. b8=Q+ Kf7 43. Qb7+ Kf8 44. Qc8+ Kf7 45. Nd8+ Kg7 46. Qh3 Nf4 47. Qxh2 Kf8 48. Qh8+ Ke7 49. Nxe4 Kd7 50. Qxf6 1-0

[Event "*** SCC Grand Prix: Titled Tuesday Blitz"]
[Site "Chess.com"]
[Date "2020.09.08"]
[Round "6"]
[White "Msb2"]
[Black "ShapkinAnatoliy"]
[Result "1-0"]
[WhiteElo "2887"]
[BlackElo "2661"]
[TimeControl "180+1"]
[EndTime "11:06:47 PDT"]
[Termination "Msb2 won by resignation"]

1. d4 Nf6 2. c4 g6 3. Nc3 d5 4.
cxd5 Nxd5 5. e4 Nxc3 6. bxc3 Bg7 7. Nf3 c5 8. h3 Qa5 9. Bd2 O-O 10. Be2 Rd8 11. O-O b6 12. a4 Nc6 13. Rb1 Ba6 14. Bb5 Bxb5 15. axb5 Nb8 16. Qb3 c4 17. Qxc4 Qa3 18.
e5 e6 19. Rb4 a5 20. bxa6 Qxa6 21. Qb3 Nd7 22. Be3 Rdc8 23. Ng5 Qb7 24. c4 h6 25. Nf3 Qe4 26. Re1 Qc6 27. d5 Qc7 28.
dxe6 fxe6 29. Bxb6 Nxb6 30. Rxb6 Qxc4 31. Qxc4 Rxc4 32.
Rxe6 Rc2 33. Rxg6 Raa2 34. e6 Kh7 35. Rxg7+ Kxg7 36. e7 Rxf2 37. e8=Q 1-0

[Event "*** SCC Grand Prix: Titled Tuesday Blitz"]
[Site "Chess.com"]
[Date "2020.09.08"]
[Round "6"]
[White "elohunter1999"]
[Black "ENajer77"]
[Result "1-0"]
[WhiteElo "2464"]
[BlackElo "2594"]
[TimeControl "180+1"]
[EndTime "11:06:48 PDT"]
[Termination "elohunter1999 won by resignation"]

1. e4 c5 2. Nf3 e6 3. d4 cxd4 4. Nxd4 a6 5. Bd3 Bc5 6. Nb3 Be7 7. Qg4 g6 8. Qe2 d6 9. O-O Nd7 10. Nc3 Qc7 11. Bd2 b5 12. a4 b4 13. Na2 a5 14. c3 Nc5 15. Bb5+ Bd7 16. Nxc5 dxc5 17. Rad1 Nf6 18. Bh6 Rd8 19. Bg7 Rg8 20. Bxf6 Bxf6 21. Rxd7 Rxd7 22. Rd1 Kf8 23. Rxd7 Qe5 24. g3 Kg7 25. f4 Qb8 26. e5 Bd8 27. Qc4 Re8 28. Nc1 Re7 29. Rxe7 Bxe7 30. Nd3 Qb7 31. Nf2 h5 32. Qe4 Qa7 33. c4 b3 34. Qc6 h4 35.
Qd7 Qa8 36. Qxe7 hxg3 37. hxg3 Qf3 38. Qg5 Qe3 39. Kg2 Qd4 40. Ng4 Qe4+ 41. Kh3 Qh1+ 42. Nh2 Qb1 43. Qe7 Qf5+ 44. Ng4 Qh5+ 45. Qh4 Qf5 46.
Qf6+ 1-0

[Event "*** SCC Grand Prix: Titled Tuesday Blitz"]
[Site "Chess.com"]
[Date "2020.09.08"]
[Round "6"]
[White "eCztery"]
[Black "zmeeed67"]
[Result "0-1"]
[WhiteElo "2310"]
[BlackElo "2434"]
[TimeControl "180+1"]
[EndTime "11:06:48 PDT"]
[Termination "zmeeed67 won on time"]

1. e4 Nc6 2. Nf3 d6 3. d4 Nf6 4. Nc3 Bg4 5. d5 Bxf3 6. Qxf3 Ne5 7. Qd1 g6 8. f4 Ned7 9. Bb5 a6 10. Bd3 Bg7 11. O-O c6 12. dxc6 bxc6 13. Kh1 O-O 14. Be3 Qb8 15. Rb1 c5 16. g4 Nb6 17. g5 Nfd7 18.
Qe1 Qb7 19. Qh4 c4 20. Be2 d5 21. Bf3 e6 22. e5 Rac8 23. Ne2 Nc5 24. Nd4 Ne4 25.
Bxe4 dxe4 26. Rg1 Qe7 27. Rg3 h5 28. Rh3 Nd5 0-1

[Event "*** SCC Grand Prix: Titled Tuesday Blitz"]
[Site "Chess.com"]
[Date "2020.09.08"]
[Round "6"]
[White "natelleka"]
[Black "Godzillator"]
[Result "0-1"]
[WhiteElo "2118"]
[BlackElo "2257"]
[TimeControl "180+1"]
[EndTime "11:06:48 PDT"]
[Termination "Godzillator won on time"]

1. e4 c6 2. d4 d5 3. f3 dxe4 4.
Bc4 e3 5. Bxe3 Nf6 6. Nc3 Bf5 7. Qd2 e6 8. Nge2 Bb4 9. a3 Ba5 10. Ng3 Bg6 11. O-O Nd5 12. Bf2 O-O 13. Rae1 Nxc3 14. bxc3 Nd7 15. f4 Nb6 16. Bd3 Nd5 17. Bxg6 hxg6 18.
Ne2 Qf6 19. Qd3 Rfd8 20. Rb1 b6 21. Bg3 Qf5 22. Qf3 Qxc2 23. Rfc1 Qf5 24. c4 Nf6 25. Qxc6 Rac8 26. Qb7 Qd3 27. Qf3 Qxf3 28. gxf3 Ne8 29. Kf2 Nd6 30. c5 bxc5 31. dxc5 Nf5 32. Rb7 Rd2 33.
Rxa7 Bd8 34. Ke1 Ra2 35. c6 Bb6 36. Rb7 Be3 0-1

[Event "*** SCC Grand Prix: Titled Tuesday Blitz"]
[Site "Chess.com"]
[Date "2020.09.08"]
[Round "6"]
[White "Barmen_EV"]
[Black "DinaBelenkaya"]
[Result "1-0"]
[WhiteElo "2436"]
[BlackElo "2277"]
[TimeControl "180+1"]
[EndTime "11:06:49 PDT"]
[Termination "Barmen_EV won by checkmate"]

1. d4 d5 2. c4 dxc4 3. e4 Nf6 4. e5 Nd5 5. Bxc4 Nb6 6. Bd3 Be6 7. Nc3 Nc6 8. Nf3 Qd7 9. Ne4 Bd5 10. Nc5 Qc8 11. O-O e6 12. Be3 Bxf3 13. Qxf3 Bxc5 14. dxc5 Nxe5 15.
Qg3 Nxd3 16. Qxg7 Rf8 17. cxb6 Qd7 18. bxc7 f5 19. Qc3 f4 20. Bxa7 Rg8 21. Rad1 Kf7 22. Rxd3 Qa4 23. Bd4 Rac8 24. Rh3 Qb5 25. Rxh7+ Ke8 26.
Qh3 Qc6 27. Qh5+ Kf8 28. Qf7# 1-0

[Event "*** SCC Grand Prix: Titled Tuesday Blitz"]
[Site "Chess.com"]
[Date "2020.09.08"]
[Round "6"]
[White "jeetjain"]
[Black "Sethu0025"]
[Result "1/2-1/2"]
[WhiteElo "2434"]
[BlackElo "2707"]
[TimeControl "180+1"]
[EndTime "11:06:50 PDT"]
[Termination "Game drawn by repetition"]

1. e4 c5 2. Nf3 d6 3. Bb5+ Nd7 4. c3 Nf6 5. Qe2 a6 6. Ba4 b5 7. Bc2 Bb7 8. O-O Qc7 9. d4 e6 10. a4 Be7 11. Re1 b4 12. e5 dxe5 13. dxe5 Nd5 14. c4 N5b6 15. Bf4 a5 16. Nbd2 h6 17. Ne4 O-O-O 18.
h3 Bxe4 19. Bxe4 Nb8 20. b3 Rd7 21. Rad1 Rhd8 22. Rxd7 Qxd7 23. Be3 Nc6 24. Bc2 Qc7 25. Bf4 Nd4 26. Nxd4 cxd4 27. Bd3 Nd7 28. Qe4 Nc5 29. Qa8+ Kd7 30. Qf3 Nxb3 31. c5 Nxc5 32. Bb5+ Kc8 33. Qa8+ Qb8 34. Qc6+ Qc7 35. Qa8+ Qb8 36. Qc6+ Qc7 37.
Qa8+ 1/2-1/2

[Event "*** SCC Grand Prix: Titled Tuesday Blitz"]
[Site "Chess.com"]
[Date "2020.09.08"]
[Round "6"]
[White "ChessWarrior7197"]
[Black "Izoria123"]
[Result "1-0"]
[WhiteElo "2958"]
[BlackElo "2878"]
[TimeControl "180+1"]
[EndTime "11:06:51 PDT"]
[Termination "ChessWarrior7197 won by resignation"]

1. e4 c6 2. d4 d5 3. exd5 cxd5 4. Bd3 Nc6 5. c3 Nf6 6. Bf4 Bg4 7. Qb3 Qd7 8. Nd2 e6 9. Ngf3 Bd6 10. Bxd6 Qxd6 11.
O-O O-O 12. Rae1 Bh5 13. Ne5 Qc7 14. f4 Bg6 15. Bxg6 hxg6 16. Re3 Rab8 17. Qd1 b5 18. Qe1 Ne7 19. Rh3 Rfc8 20. Qh4 Kf8 21. Qh8+ Neg8 22. Ndf3 b4 23. Ng5 bxc3 24. bxc3 Rb2 25. Ngxf7 Qxf7 26. Nxf7 Kxf7 27. Qh4 Ne4 28. Re3 Ngf6 29. h3 Nxc3 30. Kh2 Nb5 31. Rb3 Rxb3 32. axb3 Nxd4 33. Qf2 Nb5 34. Ra1 Rc7 35. Ra5 Ne4 36. Qe3 Ned6 37. Ra6 Rc3 38. Rxa7+ Nxa7 39. Qxc3 Nab5 40. Qc5 d4 41.
Kg1 d3 42. Qe3 1-0

[Event "*** SCC Grand Prix: Titled Tuesday Blitz"]
[Site "Chess.com"]
[Date "2020.09.08"]
[Round "6"]
[White "beto-betun"]
[Black "jamalm2"]
[Result "1-0"]
[WhiteElo "2126"]
[BlackElo "1909"]
[TimeControl "180+1"]
[EndTime "11:06:51 PDT"]
[Termination "beto-betun won on time"]

1. d4 Nf6 2. Nf3 e6 3. g3 b6 4. Bg2 Bb7 5. O-O Be7 6. c4 O-O 7. b3 d6 8. Bb2 Nbd7 9. Nbd2 Re8 10. Rc1 Bf8 11. Qc2 e5 12. e3 e4 13. Ng5 h6 14.
Ngxe4 Nxe4 15. Nxe4 Rb8 16. d5 f5 17. Nc3 Qg5 18. Nb5 Rbc8 19. Nxa7 Nf6 20. Nxc8 Bxc8 21. Qc3 Ne4 22. Qd4 Be7 23. f4 Qg6 24. Bxe4 fxe4 25. f5 Qg4 26. f6 Bxf6 27. Rxf6 gxf6 28. Qxf6 Qg5 29. Qh8+ Kf7 30. Rf1+ Ke7 31. Bf6+ Kd7 32. Bxg5 Rxh8 33. Rf7+ Ke8 34. Re7+ Kf8 35. Rxc7 Bh3 36. Bf4 1-0

[Event "*** SCC Grand Prix: Titled Tuesday Blitz"]
[Site "Chess.com"]
[Date "2020.09.08"]
[Round "6"]
[White "JoliyRoger"]
[Black "Hikaru"]
[Result "0-1"]
[WhiteElo "2419"]
[BlackElo "3194"]
[TimeControl "180+1"]
[EndTime "11:06:52 PDT"]
[Termination "Hikaru won on time"]

1. Nf3 g6 2. c4 Bg7 3. d4 d6 4.
h3 Nf6 5. Nc3 O-O 6. e4 Nbd7 7.
Bg5 e5 8. d5 h6 9. Be3 Nc5 10.
Nd2 a5 11. Be2 Nfd7 12. g4 Nb6 13. h4 Bd7 14. h5 g5 15. f3 c6 16. Kf2 a4 17. b4 axb3 18. axb3 Na6 19. Qc2 Qc7 20.
Qb2 Rfc8 21. Rhc1 Nb4 22. Nf1 Rxa1 23. Rxa1 cxd5 24. Nxd5 N6xd5 25. cxd5 Qb8 26. Rc1 Re8 27. Qd2 Na6 28. b4 Bf6 29. Ra1 Rc8 30. Bxa6 bxa6 31.
Rxa6 Bd8 32. Ng3 Bb5 33. Ra2 Qc7 34. Nf5 Kh7 35. Ra1 Qd7 36. Rc1 Ra8 37. Rc2 Ba4 38.
Ra2 Rb8 39. Qc3 Rc8 40. Qd2 Bb5 41. Ra5 Bxa5 42. bxa5 f6 43. Kg3 Rc4 44. Bb6 Ra4 45. Qb2 Bc4 46. Qc2 Rb4 47. Qc3 Ra4 48.
Qb2 Ra2 49. Qc3 Bf1 0-1

[Event "*** SCC Grand Prix: Titled Tuesday Blitz"]
[Site "Chess.com"]
[Date "2020.09.08"]
[Round "6"]
[White "Snowflake"]
[Black "ARTHURMOTIVATOR"]
[Result "0-1"]
[WhiteElo "2466"]
[BlackElo "2358"]
[TimeControl "180+1"]
[EndTime "11:06:52 PDT"]
[Termination "ARTHURMOTIVATOR won by resignation"]

1. d4 Nf6 2. c4 c5 3. d5 g6 4. Nc3 Bg7 5. e4 d6 6. h3 O-O 7. Nf3 e6 8. Bd3 Na6 9. O-O e5 10.
Re1 h6 11. Bf1 Nh5 12. g3 Nc7 13. Bg2 Qe8 14. a4 a6 15. a5 f5 16. exf5 gxf5 17.
Nh4 Qf7 18. Qe2 Bd7 19. Kh2 Rae8 20. Be3 f4 21. Bd2 Bf6 22. Nf3 e4 23. Nxe4 Bxb2 24. Rab1 Bf5 25. Nh4 Bxe4 26. Bxe4 fxg3+ 27. fxg3 Be5 28. Nf5 Nxg3 29. Nxg3 Qf2+ 30. Bg2 Qxg3+ 0-1

[Event "*** SCC Grand Prix: Titled Tuesday Blitz"]
[Site "Chess.com"]
[Date "2020.09.08"]
[Round "6"]
[White "belisarius64"]
[Black "swimmerchess"]
[Result "1/2-1/2"]
[WhiteElo "2682"]
[BlackElo "2853"]
[TimeControl "180+1"]
[EndTime "11:06:56 PDT"]
[Termination "Game drawn by agreement"]

1. e4 c5 2. Nf3 Nc6 3. Bb5 Na5 4.
O-O a6 5. Be2 b5 6. d4 cxd4 7.
Nxd4 Bb7 8. Bd3 e6 9. a4 b4 10. Nd2 Nf6 11. Qe2 Bc5 12. N4b3 Nxb3 13. Nxb3 Be7 14. a5 O-O 15. Be3 d5 16. e5 Nd7 17. f4 f6 18. exf6 Bxf6 19. Bd4 Qe7 20. Rae1 Rae8 21. Bxa6 Bxd4+ 22. Nxd4 Bxa6 23. Qxa6 Qc5 24. c3 bxc3 25. bxc3 Qxc3 26. Nxe6 Nc5 27. Qd6 Nxe6 28.
Rxe6 Qxa5 29. f5 Qa7+ 30. Kh1 Qf7 31. Rxe8 Rxe8 32. h3 h5 33. Rd1 Qxf5 34. Qxd5+ Qxd5 35. Rxd5 g6 36. Kh2 Kg7 1/2-1/2

[Event "*** SCC Grand Prix: Titled Tuesday Blitz"]
[Site "Chess.com"]
[Date "2020.09.08"]
[Round "6"]
[White "mr_gustavo"]
[Black "WiktoriaPOL"]
[Result "1-0"]
[WhiteElo "2247"]
[BlackElo "1964"]
[TimeControl "180+1"]
[EndTime "11:06:56 PDT"]
[Termination "mr_gustavo won by checkmate"]

1. d4 Nf6 2. c4 g6 3. g3 Bg7 4.
Bg2 O-O 5. Nf3 d6 6. O-O Nc6 7. Nc3 Bg4 8. d5 Na5 9. Qd3 c5 10. h3 Bd7 11. e4 a6 12. e5 dxe5 13. Nxe5 Bf5 14. Qe2 Nd7 15. Nf3 Nb6 16. g4 Bd7 17.
Ne5 Bxe5 18. Qxe5 Nbxc4 19. Qe2 Nd6 20. b3 c4 21. b4 Qb6 22. bxa5 Qxa5 23. Bb2 b5 24. Ne4 Nxe4 25. Qxe4 c3 26. Bc1 b4 27.
Qxe7 Bb5 28. Bh6 Qd8 29. Qe5 f6 30. Qe6+ Rf7 31. d6 Bxf1 32. Bd5 Qe8 33. Qxe8+ Rxe8 34. Rxf1 Rd8 35. Re1 g5 36. d7 c2 37. Re8+ Rxe8 38.
dxe8=R# 1-0

[Event "*** SCC Grand Prix: Titled Tuesday Blitz"]
[Site "Chess.com"]
[Date "2020.09.08"]
[Round "6"]
[White "Leonid_Starozhilov"]
[Black "lucachess49"]
[Result "1-0"]
[WhiteElo "2681"]
[BlackElo "2432"]
[TimeControl "180+1"]
[EndTime "11:06:57 PDT"]
[Termination "Leonid_Starozhilov won on time"]

1. e4 e5 2. Nf3 Nc6 3. Bc4 Nf6 4. d3 Be7 5. a4 O-O 6. Nc3 d6 7. Bg5 Be6 8. O-O Bxc4 9. dxc4 Nd7 10. Be3 f5 11. exf5 Rxf5 12. Nd5 Qf8 13. Nxc7 Rc8 14. Nd5 Bd8 15. Nd2 Nf6 16. Nxf6+ Rxf6 17. Ne4 Rg6 18. Ng3 Bh4 19. Qd5+ Kh8 20. c3 b6 21. b3 Na5 22. Rab1 Bd8 23. Rfd1 Nc6 24. Rd2 Bc7 25. Rbd1 Ne7 26. Qe4 Qf7 27. b4 Rf8 28. f3 Ng8 29. Qd5 Qe7 30. c5 Nf6 31. cxd6 Nxd5 32. dxe7 Nxe7 33.
Rd7 Nf5 34. Nxf5 1-0

[Event "*** SCC Grand Prix: Titled Tuesday Blitz"]
[Site "Chess.com"]
[Date "2020.09.08"]
[Round "6"]
[White "MFguimaraes"]
[Black "Zmof"]
[Result "1-0"]
[WhiteElo "2413"]
[BlackElo "2233"]
[TimeControl "180+1"]
[EndTime "11:06:57 PDT"]
[Termination "MFguimaraes won by checkmate"]

1. e4 c5 2. Nf3 Nc6 3. d4 cxd4 4. Nxd4 Qb6 5. Nb3 Nf6 6. Nc3 e6 7. Be2 Bb4 8. Be3 Qc7 9. Bf3 Ne5 10. O-O Nxf3+ 11. Qxf3 Bxc3 12. bxc3 Qxc3 13. Rad1 O-O 14. Rd3 Qxc2 15. Bd4 d6 16. Bxf6 gxf6 17. Rc1 Qb2 18. Rcc3 Bd7 19. Qxf6 Qb1+ 20. Nc1 Rfc8 21. Qh6 Rxc3 22.
Rxc3 Qxe4 23. Rg3+ Qg6 24. Rxg6+ hxg6 25. h4 Rc8 26. h5 Be8 27. hxg6 fxg6 28. Nd3 Rc7 29. Nf4 Rh7 30. Qg5 Kf7 31. Qd8 g5 32. Nh3 Rg7 33.
Nxg5+ Kg6 34. Nxe6 Rg8 35. Qg5+ Kf7 36. Nd8+ Kf8 37.
Qf6+ Bf7 38. Qxf7# 1-0

[Event "*** SCC Grand Prix: Titled Tuesday Blitz"]
[Site "Chess.com"]
[Date "2020.09.08"]
[Round "6"]
[White "bsnsun"]
[Black "AliKa2810"]
[Result "1-0"]
[WhiteElo "2422"]
[BlackElo "2564"]
[TimeControl "180+1"]
[EndTime "11:06:58 PDT"]
[Termination "bsnsun won on time"]

1. e4 e6 2. d4 d5 3. Nc3 Bb4 4. e5 Ne7 5. a3 Bxc3+ 6. bxc3 c5 7. Nf3 Qc7 8. Be2 b6 9. c4 Ba6 10. cxd5 Nxd5 11. Bxa6 Nxa6 12. c4 Nc3 13. Qb3 cxd4 14. Nxd4 Qxe5+ 15. Be3 Qa5 16. Nc6 Qa4 17.
Qxc3 Qxc6 18. Qxg7 O-O-O 19. Qxf7 Rhf8 20. Qxa7 Nb8 21. O-O Rg8 22. f3 Rd3 23. Qxb6 Qxb6 24. Bxb6 Nd7 25. Bf2 Ne5 26. Bg3 Nc6 27. Rfd1 Rc3 28.
Rac1 Rxa3 29. Rd6 Nb4 30. Rxe6 Nd3 31. Rd1 Nb2 32. Rde1 Rc3 33. Re8+ Rxe8 34. Rxe8+ Kd7 35. Rh8 Rxc4 36. Rxh7+ Ke6 37. h4 Nd3 38. Kh2 Rc2 39. Rh6+ Kf5 40. Rd6 1-0

[Event "*** SCC Grand Prix: Titled Tuesday Blitz"]
[Site "Chess.com"]
[Date "2020.09.08"]
[Round "6"]
[White "angryhorse9"]
[Black "Zemerovv"]
[Result "1-0"]
[WhiteElo "2511"]
[BlackElo "2313"]
[TimeControl "180+1"]
[EndTime "11:06:58 PDT"]
[Termination "angryhorse9 won by resignation"]

1. e4 e5 2. Bc4 Nf6 3. Nc3 Be7 4. d3 O-O 5. f4 d6 6. Nf3 Bg4 7. h3 Be6 8. Bxe6 fxe6 9. fxe5 Nh5 10. O-O Ng3 11. Re1 dxe5 12. Kh2 Nh5 13. Be3 Bd6 14. Qd2 Nc6 15. Rf1 Nf4 16. g3 Ng6 17. Qe2 Qd7 18. Rad1 h6 19. Kg2 Rf7 20. Nd2 Raf8 21. Rxf7 Rxf7 22.
Nc4 Nd4 23. Bxd4 exd4 24. Nb1 Be5 25. Nbd2 b5 26. Nxe5 Nxe5 27. Rf1 c5 28. Nf3 Nxf3 29. Rxf3 Rxf3 30. Qxf3 e5 31. Qf5 Qxf5 32. exf5 Kf7 33. Kf3 Kf6 34. Ke4 h5 35. a3 c4 36. b3 cxb3 37.
cxb3 a5 38. b4 a4 39. h4 1-0

[Event "*** SCC Grand Prix: Titled Tuesday Blitz"]
[Site "Chess.com"]
[Date "2020.09.08"]
[Round "6"]
[White "SergeyKarjakin"]
[Black "Vuk2000"]
[Result "1-0"]
[WhiteElo "2967"]
[BlackElo "2725"]
[TimeControl "180+1"]
[EndTime "11:07:00 PDT"]
[Termination "SergeyKarjakin won by resignation"]

1. e4 e6 2. d3 d5 3. Nd2 Nf6 4.
Ngf3 c5 5. g3 Nc6 6. Bg2 Be7 7.
O-O O-O 8. Re1 b5 9. a4 b4 10.
exd5 exd5 11. Nb3 h6 12. Be3 Qb6 13. Qd2 Bg4 14. a5 Qb5 15. Bxh6 gxh6 16. Qxh6 Nh7 17. Ne5 Nxe5 18. Rxe5 Qd7 19. Rae1 Qd6 20. Qe3 d4 21. Qf4 Be6 22. Bxa8 Rxa8 23. Nxc5 Bf6 24. Nxe6 Bxe5 25. Rxe5 fxe6 26. Rg5+ Nxg5 27. Qxd6 Rf8 28. f4 Nf3+ 29. Kf2 1-0

[Event "*** SCC Grand Prix: Titled Tuesday Blitz"]
[Site "Chess.com"]
[Date "2020.09.08"]
[Round "6"]
[White "azikom"]
[Black "tigra"]
[Result "1/2-1/2"]
[WhiteElo "2644"]
[BlackElo "2851"]
[TimeControl "180+1"]
[EndTime "11:07:00 PDT"]
[Termination "Game drawn by repetition"]

1. d4 d5 2. Nf3 e6 3. c4 a6 4. e3 Nf6 5. Nbd2 c5 6. cxd5 exd5 7. b3 Nc6 8. Bb2 Qa5 9. a3 cxd4 10.
Nxd4 Nxd4 11. Bxd4 Ne4 12. b4 Qd8 13. Nxe4 dxe4 14. Qh5 Be6 15. Be2 Qd5 16. Qxd5 Bxd5 17. O-O Bc6 18. Rac1 f6 19. Rfd1 Be7 20. h4 O-O 21.
Bc5 Bxc5 22. Rxc5 Ba4 23. Rd6 Rfc8 24. Bc4+ Kf8 25. Bd5 Rxc5 26. bxc5 Rc8 27. Bxb7 Rxc5 28. Rxa6 Bc2 29. Rc6 Rb5 30. Rc8+ Ke7 31. Rxc2 Rxb7 32. a4 Rb1+ 33. Kh2 Ra1 34. Rc7+ Kf8 35. Rc4 h5 36. Rxe4 Kf7 37. Kg3 Ra2 38. Rc4 Ke6 39. f3 g6 40. e4 Kd6 41. Rb4 Ke7 42. Rb7+ Ke6 43. Ra7 Ke5 44. a5 f5 45. exf5 gxf5 46. Rh7 Rxa5 47. Rxh5 Ra2 48. Rh8 f4+ 49. Kh3 Ra1 50.
Rh5+ Kf6 51. Kh2 Kg6 52. Rg5+ Kf6 53. Rg4 Kf5 54. h5 Ra6 55. Kh3 Ra1 56. Kh2 Ra6 57. Rh4 Kg5 58. Rg4+ Kf5 1/2-1/2

[Event "*** SCC Grand Prix: Titled Tuesday Blitz"]
[Site "Chess.com"]
[Date "2020.09.08"]
[Round "6"]
[White "tk22h"]
[Black "ehrenfeld"]
[Result "1/2-1/2"]
[WhiteElo "2379"]
[BlackElo "2556"]
[TimeControl "180+1"]
[EndTime "11:07:04 PDT"]
[Termination "Game drawn by repetition"]

1. c4 e5 2. Nc3 d6 3. Nf3 f5 4.
d4 e4 5. Ng5 Be7 6. Nh3 Nf6 7.
g3 O-O 8. Bg2 c6 9. d5 Nbd7 10.
O-O Ne5 11. b3 Bd7 12. f3 Kh8 13. fxe4 fxe4 14. Nf4 Rc8 15. Nxe4 Nxe4 16. Bxe4 Bf6 17. Rb1 Qb6+ 18. Kh1 Ng4 19. Qd3 Rce8 20. Kg2 Ne5 21.
Qc2 g6 22. Bd2 Ng4 23. Qd3 Bg7 24. h3 Ne5 25. Qc2 a5 26. Kh2 Qc5 27. Bg2 b5 28.
dxc6 Nxc6 29. Bc3 Nd4 30. Qd3 b4 31. Bxd4 Qxd4 32. Qxd4 Bxd4 33. Rbd1 Bc5 34. Bf3 Bf5 35. Nd3 Be3 36. Nf2 Bc5 37. Nd3 Be3 38. Nf2 Bc5 39. Nd3 1/2-1/2

[Event "*** SCC Grand Prix: Titled Tuesday Blitz"]
[Site "Chess.com"]
[Date "2020.09.08"]
[Round "6"]
[White "Bigfish1995"]
[Black "KuzubovYuriy"]
[Result "0-1"]
[WhiteElo "3014"]
[BlackElo "2914"]
[TimeControl "180+1"]
[EndTime "11:07:05 PDT"]
[Termination "KuzubovYuriy won by resignation"]

1. e4 c5 2. Nf3 Nc6 3. d4 cxd4 4.
Nxd4 Nf6 5. Nc3 e5 6. Ndb5 d6 7. Nd5 Nxd5 8. exd5 Nb8 9. a4 Be7 10. Bd2 O-O 11. a5 f5 12. Be3 f4 13. Bxa7 Nd7 14.
Bd3 Rf6 15. f3 Rh6 16. Qd2 Bh4+ 17. Kd1 Nf6 18. Bb6 Qxb6 19. g3 fxg3 20. f4 Bg4+ 21. Kc1 Qf2 22. hxg3 Bxg3 23. Rf1 Qxf1+ 24. Bxf1 Bxf4 25.
Qxf4 exf4 26. Nxd6 Nxd5 27. Nxb7 Ne3 28. Kd2 Rh2+ 29.
Kc3 Rxc2+ 30. Kb3 Be6+ 0-1

[Event "*** SCC Grand Prix: Titled Tuesday Blitz"]
[Site "Chess.com"]
[Date "2020.09.08"]
[Round "6"]
[White "kuban1991"]
[Black "gmasterkiller"]
[Result "0-1"]
[WhiteElo "2729"]
[BlackElo "2567"]
[TimeControl "180+1"]
[EndTime "11:07:05 PDT"]
[Termination "gmasterkiller won on time"]

1. Nf3 Nf6 2. g3 g6 3. Bg2 Bg7 4. O-O O-O 5. c4 c5 6. Nc3 Nc6 7. d3 d5 8. cxd5 Nxd5 9. Nxd5 Qxd5 10. Be3 Bxb2 11. Rb1 Bf6 12. Nd4 Qxa2 13. Nxc6 bxc6 14. Bxc6 Bh3 15. Bxa8 Bxf1 16. Bf3 Bh3 17. Bxc5 a5 18. d4 Rd8 19. e3 Qc4 20. Rc1 Qa6 21. Qa4 e5 22. d5 Rc8 23. Bg2 Bxg2 24. Kxg2 Qd3 25. e4 Bg5 26. Be3 Rxc1 27. Bxg5 Qf1+ 28. Kf3 Qd1+ 29.
Qxd1 Rxd1 30. Ke2 Rd4 31. Ke3 f5 32. f3 fxe4 33. fxe4 Kf7 34. Bf4 Kf6 35. h4 a4 0-1

[Event "*** SCC Grand Prix: Titled Tuesday Blitz"]
[Site "Chess.com"]
[Date "2020.09.08"]
[Round "6"]
[White "kosya4ok"]
[Black "SARGISMV"]
[Result "1-0"]
[WhiteElo "2678"]
[BlackElo "2494"]
[TimeControl "180+1"]
[EndTime "11:07:05 PDT"]
[Termination "kosya4ok won by resignation"]

1. d4 c5 2. d5 e6 3. e4 exd5 4. exd5 d6 5. Nc3 Ne7 6. h4 a6 7. a4 Ng6 8. h5 Ne5 9. Be2 h6 10. Bf4 Bf5 11. Bxe5 dxe5 12. Nf3 Bd6 13. Nh4 Bh7 14.
Bd3 O-O 15. Bxh7+ Kxh7 16. Qd3+ Kg8 17. Ne4 f5 18. Nxd6 Qxd6 19. Nxf5 Qf6 20. g4 e4 21. Qb3 Nd7 22. O-O-O b5 23. d6+ c4 24. Qc3 Qxc3 25.
bxc3 bxa4 26. Rd4 Nf6 27. Rg1 Rac8 28. Ne7+ Kf7 29. Nxc8 Rxc8 30. g5 hxg5 31. Rxg5 Rd8 32.
Ra5 Ke6 33. Rxa6 Rd7 34. Rxa4 1-0

[Event "*** SCC Grand Prix: Titled Tuesday Blitz"]
[Site "Chess.com"]
[Date "2020.09.08"]
[Round "6"]
[White "Karina_Ivanova"]
[Black "Bastiandash"]
[Result "1-0"]
[WhiteElo "2263"]
[BlackElo "2390"]
[TimeControl "180+1"]
[EndTime "11:07:05 PDT"]
[Termination "Karina_Ivanova won on time"]

1. Nf3 Nf6 2. g3 e6 3. Bg2 c5 4. c4 Nc6 5. d4 cxd4 6. Nxd4 Qc7 7. O-O a6 8. Nc3 b6 9. Bf4 e5 10. Bxe5 Nxe5 11. Bxa8 h5 12. h4 g5 13. hxg5 Nfg4 14. Nf3 h4 15. Nxe5 Nxe5 16. Ne4 hxg3 17. Nxg3 Bc5 18.
e3 d6 19. b4 Bxb4 20. Qa4+ Bd7 21. Qxb4 Ke7 22. Bg2 Nc6 23. Qc3 1-0

[Event "*** SCC Grand Prix: Titled Tuesday Blitz"]
[Site "Chess.com"]
[Date "2020.09.08"]
[Round "6"]
[White "Hasangatin_Ramil"]
[Black "TigrVShlyape"]
[Result "0-1"]
[WhiteElo "2585"]
[BlackElo "2811"]
[TimeControl "180+1"]
[EndTime "11:07:06 PDT"]
[Termination "TigrVShlyape won on time"]

1. e4 c5 2. Nf3 Nc6 3. Bb5 g6 4. O-O Bg7 5. c3 Nf6 6. Qa4 O-O 7. d4 cxd4 8. cxd4 d6 9. d5 Nb8 10. Nc3 Nbd7 11. Re1 a6 12. Bf1 b5 13. Qd1 Nc5 14.
e5 dxe5 15. Nxe5 Bb7 16. Nc6 Bxc6 17. dxc6 Qxd1 18. Nxd1 Rac8 19. Rxe7 Nd5 20. Re1 Rxc6 21. Rb1 Rfc8 22. Ne3 Nb4 23. Bd2 Nbd3 24. Re2 Nf4 25. Ree1 Ncd3 26. Bxd3 Nxd3 27. Re2 Rd8 28. b3 Nf4 29.
Kf1 Nxe2 30. Kxe2 f5 31. g3 Kf7 32. a4 Bc3 33. Bc1 b4 34. Nc4 Bd4 35. Bd2 Re6+ 36. Kf3 Bc5 37. h4 Rd3+ 38. Kg2 Re2 39. Be1 Ke6 40. Kf1 Rc2 0-1

[Event "*** SCC Grand Prix: Titled Tuesday Blitz"]
[Site "Chess.com"]
[Date "2020.09.08"]
[Round "6"]
[White "jefferyx"]
[Black "GMHess"]
[Result "1-0"]
[WhiteElo "2933"]
[BlackElo "2762"]
[TimeControl "180+1"]
[EndTime "11:07:08 PDT"]
[Termination "jefferyx won on time"]

1. d4 e6 2. e4 d5 3. exd5 exd5 4. Nf3 Nf6 5. Bd3 Bd6 6. Qe2+ Qe7 7. Qxe7+ Bxe7 8.
Bf4 c5 9. Nc3 O-O 10. O-O-O Bg4 11. Be2 Nc6 12. h3 Be6 13. Nb5 Ne4 14. Be3 Rac8 15.
dxc5 Bxc5 16. Nbd4 Rfe8 17. Rhe1 Bd7 18. a3 Nxd4 19.
Nxd4 Ba4 20. Bd3 Nd6 21. Nf5 Bxc2 22. Bxc5 Rxe1 23. Rxe1 Nxf5 24. Bxc2 g6 25. g4 Nh4 26.
Bb4 Nf3 27. Rd1 1-0

[Event "*** SCC Grand Prix: Titled Tuesday Blitz"]
[Site "Chess.com"]
[Date "2020.09.08"]
[Round "6"]
[White "sergeikim"]
[Black "AlexandraBotez"]
[Result "1-0"]
[WhiteElo "2472"]
[BlackElo "2238"]
[TimeControl "180+1"]
[EndTime "11:07:08 PDT"]
[Termination "sergeikim won by resignation"]

1. d4 Nf6 2. c4 g6 3. Nc3 Bg7 4. e4 d6 5. Nge2 O-O 6. Ng3 Nbd7 7. Be2 e5 8. d5 a5 9. O-O Nc5 10. Be3 b6 11. h3 h5 12. Bg5 Qe8 13. Qd2 Bd7 14.
Rae1 Nh7 15. Be3 Qe7 16. f4 h4 17. Nh1 exf4 18. Bxf4 Nxe4 19. Nxe4 Qxe4 20. Be3 Qe5 21. b3 Bf5 22. Nf2 Rae8 23. Bh6 Qg3 24. Bxg7 Kxg7 25. Bg4 Ng5 26. Qxg5 f6 27. Qd2 Re5 28. Bxf5 gxf5 29. Nd3 Rxe1 30. Rxe1 Rf7 31. Nf4 Kh7 32. Ne6 Rd7 33.
Qf2 Qg5 34. Nxg5+ 1-0